 Dungeon Crawl Stone Soup version 0.27-a0-1206-g6342a01c75 (webtiles) character file.

Game seed: 13524106377297034642

704 Glokmah the Stinger (level 7, 0/51 HPs)
             Began as a Demonspawn Venom Mage on June 5, 2021.
             Slain by a killer bee zombie (4 damage)
             ... in an ossuary.
             The game lasted 00:14:15 (6476 turns).

Glokmah the Stinger (Demonspawn Venom Mage)         Turns: 6476, Time: 00:14:15

Health: 0/51       AC:  4    Str:  8    XL:     7   Next: 39%
Magic:  6/12       EV: 12    Int: 19    God:
Gold:   155        SH:  0    Dex: 13    Spells: 1/12 levels left

rFire    . . .     SeeInvis .   a - +0 short sword
rCold    . . .     Faith    .   (no shield)
rNeg     . . .     Spirit   .   f - +0 robe
rPois    .         Reflect  .   (helmet restricted)
rElec    .         Harm     .   (no cloak)
rCorr    .         Rampage  .   (no gloves)
Will     +....                  q - +1 pair of boots
Stlth    ++........             (no amulet)
HPRegen  0.17/turn              j - ring of willpower
MPRegen  0.26/turn              (no ring)

@: brilliant, flying, very slightly contaminated
A: antennae 2, magic regeneration
a: no special abilities


You were in an ossuary.
You visited 1 branch of the dungeon, and saw 5 of its levels.
You also visited: Ossuary.

You collected 155 gold pieces.

Inventory:

Hand Weapons
 a - a +0 short sword (weapon)
Missiles
 c - 11 boomerangs of dispersal
 o - 3 javelins
Armour
 f - a +0 robe (worn)
 q - a +1 pair of boots (worn)
Magical Staves
 h - a staff of death
Jewellery
 j - a ring of willpower (left hand)
 n - a ring of willpower
Wands
 g - a wand of acid (7)
Scrolls
 b - 2 scrolls of identify
 d - a scroll of enchant armour
 l - a scroll of amnesia
 r - a scroll of immolation


   Skills:
 + Level 2.6 Fighting
 - Level 1.7 Dodging
 - Level 1.7 Stealth
 + Level 3.4 Spellcasting
 + Level 1.4 Conjurations
 + Level 2.7 Transmutations
 * Level 2.3 Fire Magic
 + Level 2.2 Air Magic
 * Level 5.2 Poison Magic


You had one spell level left.
You knew the following spells:

 Your Spells              Type           Power      Damage    Failure   Level
a - Sting                 Tmut/Pois      100%       1d8       3%          1
b - Poisonous Vapours     Pois/Air       52%        N/A       4%          2
c - Ignite Poison         Fire/Tmut/Pois 24%        N/A       11%         3
d - Shock                 Conj/Air       60%        1d6       7%          1
e - Olgreb's Toxic Radia  Pois           34%        N/A       17%         4

Your spell library contained the following spells:

 Spells                   Type           Power      Damage    Failure   Level
 Magic Dart               Conj           48%        1d5       9%          1
 Static Discharge         Conj/Air       15%        N/A       11%         2
 Mephitic Cloud           Conj/Pois/Air  21%        N/A       13%         3
 Swiftness                Air            17%        N/A       17%         3
 Conjure Flame            Conj/Fire      15%        6-21      21%         3
 Blink                    Tloc           N/A        N/A       22%         2
 Call Imp                 Summ           4%         N/A       22%         2
 Slow                     Hex            4%         N/A       22%         2
 Airstrike                Air            8%         N/A       50%         4
 Lightning Bolt           Conj/Air       7%         1d20      88%         5


Dungeon Overview and Level Annotations

Branches:
Dungeon (5/15)            Ossuary (1/1)
 Temple: D:4-7

Altars:


Innate Abilities, Weirdness & Mutations

You have a pair of antennae on your head.
You regenerate magic rapidly.


Message History

It was a potion of brilliance.
You feel clever all of a sudden. The killer bee zombie misses you.
The killer bee zombie barely misses you.
Casting: Shock (safe; 7% risk of failure)
Confirm with . or Enter, or press ? or * to list all spells.
Aiming: Shock (safe; 7% risk of failure)
Press: ? - help, Shift-Dir - straight line You feel a surge of power!
The zap hits the mummy.
The mummy is moderately damaged.
The zap hits the mummy.
The mummy is heavily damaged.
The killer bee zombie hits you but does no damage.
The mummy closely misses you. The killer bee zombie hits you.
* * * LOW HITPOINT WARNING * * *
The killer bee zombie misses you.
Casting: Shock (safe; 7% risk of failure)
Confirm with . or Enter, or press ? or * to list all spells.
Aiming: Shock (safe; 7% risk of failure)
Press: ? - help, Shift-Dir - straight line You feel a surge of power!
The zap misses the mummy.
The killer bee zombie hits you.
* * * LOW HITPOINT WARNING * * *
Unknown command.
Okay, then.
It was a potion of flight.
You feel very buoyant.
You fly up into the air.
The killer bee zombie hits you but does no damage.
The killer bee zombie hits you.
* * * LOW HITPOINT WARNING * * *
The mummy closely misses you. x2
It was a potion of curing.
You feel better. The killer bee zombie hits you.
* * * LOW HITPOINT WARNING * * *
The killer bee zombie hits you.
* * * LOW HITPOINT WARNING * * *
Unknown command.
The killer bee zombie barely misses you.
The killer bee zombie hits you.
You die...

{ {
###{#####{
#.'.#...#
#.'.ZM#
{+.#.M@# #
##### { {


You could see 2 mummies and a killer bee zombie.

Vanquished Creatures
  Edmund (D:4)
  An orc warrior (D:4)
  A scorpion (D:4)
  A centaur skeleton (D:4)
  2 orc priests (D:4)
  Jessica (D:2)
  An iguana (D:3)
  2 orc wizards (D:4)
  A hound skeleton (D:4)
  A mummy (Ossuary)
  A howler monkey skeleton (D:4)
  5 adders
  5 gnolls
  A white imp (D:4)
  An adder skeleton (D:4)
  A worm (D:1)
  3 dart slugs
  10 orcs
  4 bats
  5 endoplasms
  2 giant cockroaches
  12 goblins
  4 hobgoblins
  11 jackals
  6 kobolds
  4 quokkas
  2 ball pythons
  4 frilled lizards
  A goblin zombie (D:5)
  6 rats
100 creatures vanquished.

Vanquished Creatures (others)
  An orc (D:4)
1 creature vanquished.

Grand Total: 101 creatures vanquished

Notes
Turn   | Place    | Note
-------+----------+-------------------------------------------
     0 | D:1      | Glokmah the Demonspawn Venom Mage began the quest for the
                  | Orb.
     0 | D:1      | Reached XP level 1. HP: 13/13 MP: 3/3
   141 | D:1      | Reached skill level 1 in Transmutations
   438 | D:1      | Gained mutation: You have a pair of small antennae on your
                  | head. [demonic ancestry]
   438 | D:1      | Reached XP level 2. HP: 20/20 MP: 1/5
   444 | D:1      | Learned a level 2 spell: Poisonous Vapours
   495 | D:1      | Found a faded altar of an unknown god.
   966 | D:1      | Gained mutation: You have a pair of antennae on your head.
                  | [demonic ancestry]
   966 | D:1      | Reached XP level 3. HP: 15/25 MP: 3/6
  1190 | D:1      | Reached skill level 1 in Fighting
  1764 | D:2      | Noticed Jessica
  1768 | D:2      | Killed Jessica
  1769 | D:2      | Reached skill level 1 in Air Magic
  1769 | D:2      | Reached XP level 4. HP: 32/32 MP: 2/7
  2619 | D:3      | Learned a level 3 spell: Ignite Poison
  2839 | D:3      | Reached skill level 4 in Poison Magic
  3050 | D:3      | Reached XP level 5. HP: 35/37 MP: 3/9
  4623 | D:4      | Reached skill level 1 in Fire Magic
  4623 | D:4      | Gained mutation: You regenerate magic rapidly. [demonic
                  | ancestry]
  4623 | D:4      | Reached XP level 6. HP: 43/44 MP: 1/10
  4700 | D:4      | Learned a level 1 spell: Shock
  4722 | D:4      | Noticed an orc warrior
  4764 | D:4      | Killed an orc warrior
  4893 | D:4      | Noticed Edmund
  4899 | D:4      | Killed Edmund
  4900 | D:4      | Reached skill level 1 in Conjurations
  4900 | D:4      | Reached XP level 7. HP: 41/51 MP: 0/11
  4973 | D:4      | Reached skill level 5 in Poison Magic
  5437 | D:3      | Learned a level 4 spell: Olgreb's Toxic Radiance
  6330 | D:5      | Entered Level 5 of the Dungeon
  6424 | D:5      | Found a sand-covered staircase.
  6452 | Ossuary  | Entered an ossuary
  6476 | Ossuary  | Slain by a killer bee zombie

Illustrated notes

Levels and vault maps discovered:
D:1:      mrwooster_arrival_arrow, layout_basic,
          shapermc_ecumenical_altar_mp_ritualfount
D:2:      layout_rooms, uniq_jessica
D:3:      corexii_shack_village, layout_rooms, bh_walls_and_bars
D:4:      layout_gridville, nrook_campfire, guppyfry_early_orc_mine, uniq_edmund
D:5:      layout_basic, enter_ossuary_3, item_on_display_a
Ossuary:  ossuary_zaba_flooded

Skill      XL: |  1  2  3  4  5  6  7 |
---------------+----------------------+-----
Transmutations | 1 2 |  2.7
Fighting       | 1 2 |  2.6
Air Magic      | 1 2 |  2.2
Poison Magic   | 4 5 |  5.2
Spellcasting   | 3 |  3.4
Fire Magic     | 1 2 |  2.3
Conjurations   | 1 |  1.4
Dodging        | |  1.7
Stealth        | |  1.7

Action                   |  1- 3 |  4- 6 |  7- 9 || total
-------------------------+-------+-------+-------++-------
Melee: Unarmed           |     6 |       |       ||     6
       Short sword       |    20 |    59 |     8 ||    87
       Dagger            |     6 |       |       ||     6
 Cast: Sting             |    37 |    65 |     6 ||   108
       Poisonous Vapours |     9 |    35 |    22 ||    66
       Ignite Poison     |       |     3 |     2 ||     5
       Shock             |       |     5 |    14 ||    19
       Olgreb's Toxic Ra |       |       |     1 ||     1
  Use: Scroll            |       |     7 |     3 ||    10
       Potion            |       |     1 |     4 ||     5
Armor: Robe              |    14 |    31 |     4 ||    49
Dodge: Dodged            |    64 |    59 |    20 ||   143

Table legend: (Time is in decaauts)
 A = Elapsed time spent in this place.
 B = Non-inter-level travel time spent in this place.
 C = Inter-level travel time spent in this place.
 D = Time resting spent in this place.
 E = Time spent auto-exploring this place.
 F = Levels seen in this place.
 G = Mean time per level.
                   A        B        C        D        E       F      G
               +--------+--------+--------+--------+--------+-----+--------+
         Total |   6459 |   6195 |    264 |   2441 |   2633 |   6 | 1076.5 |
       Dungeon |   6435 |   6171 |    264 |   2437 |   2633 |   5 | 1287.0 |
       Ossuary |     23 |     23 |      0 |      4 |      0 |   1 |   23.0 |
               +--------+--------+--------+--------+--------+-----+--------+

Top non-repeatable levels by time:
     D:3: 2278 daAuts
     D:1: 1664 daAuts
     D:4: 1586 daAuts
     D:2: 819 daAuts
     D:5: 86 daAuts
 Ossuary: 23 daAuts
